 Dungeon Crawl Stone Soup version 0.24-a0-271-ga0fc33f (webtiles) character file.

Game seed: 3949680368068290229

94 Anon1729 the Skirmisher (level 4, -1/42 HPs)
             Began as a Naga Fighter on Apr 23, 2019.
             Slain by a jackal (2 damage)
             ... on level 3 of the Dungeon.
             The game lasted 00:02:09 (1733 turns).

Anon1729 the Skirmisher (Naga Fighter)              Turns: 1733, Time: 00:02:10

Health: -1/42      AC:  6    Str: 19    XL:     4   Next: 63%
Magic:  4/4        EV:  5    Int:  9    God:
Gold:   61         SH:  8    Dex: 10    Spells: 3/3 levels left

rFire    . . .     SeeInvis +   a - +0 war axe
rCold    . . .     Gourm    .   c - +0 shield
rNeg     . . .     Faith    .   b - +0 scale mail
rPois    +         Spirit   .   (no helmet)
rElec    .         Reflect  .   (no cloak)
rCorr    .         Harm     .   h - +0 pair of gloves
MR       .....                  (no barding)
Stlth    ..........             (no amulet)
HPRegen  0.14/turn              r - ring of wizardry
MPRegen  0.09/turn              (no ring)

@: very slow
A: large, see invisible, deformed body, poison resistance, slowness 2, slow
metabolism 1, spit poison 1, AC +1
a: Spit Poison


You were on level 3 of the Dungeon.
You were not hungry.

You visited 1 branch of the dungeon, and saw 3 of its levels.

You collected 61 gold pieces.

Inventory:

Hand Weapons
 a - a +0 war axe (weapon)
Armour
 b - a +0 scale mail (worn)
 c - a +0 shield (worn)
 h - a +0 pair of gloves (worn)
Jewellery
 r - a ring of wizardry (left hand)
Scrolls
 k - 3 scrolls of identify {unknown}
 l - 2 scrolls of amnesia {unknown}
 o - a scroll of magic mapping {unknown}
Potions
 d - a potion of might
 e - a potion of invisibility {unknown}
 g - a potion of agility {unknown}
 j - a potion of flight {unknown}
 m - a potion of ambrosia {unknown}
 n - 2 potions of curing {unknown}
 p - a potion of lignification {unknown}
 q - a potion of brilliance {unknown}
Comestibles
 f - 6 rations
 i - 3 chunks of flesh


   Skills:
 + Level 3.5 Fighting
 * Level 3.3 Axes
 - Level 2.4 Armour
 + Level 1.2 Dodging
 + Level 2.9 Shields


You had 3 spell levels left.
You didn't know any spells.
Your spell library was empty.

Dungeon Overview and Level Annotations

Branches:
Dungeon (3/15)

Altars:


Innate Abilities, Weirdness & Mutations

You cannot wear boots.
Your serpentine skin is tough. (AC +1)
You have supernaturally acute eyesight. (SInv)
Armour fits poorly on your strangely shaped body.
Your system is resistant to poisons. (rPois)
You cover ground very slowly.
You have a slow metabolism.
You can spit poison.


Message History

The orc wizard hits you but does no damage.
Your shield and scale mail prevent you from hitting the orc wizard.
The orc wizard is heavily wounded.
You closely miss the jackal. The jackal barely misses you.
The jackal bites you but does no damage.
You block the orc wizard's attack.
The orc priest miscasts a cantrip.
You hit the orc wizard.
The orc wizard is almost dead.
You completely miss the jackal. You block the jackal's attack.
The orc wizard points at you and mumbles some strange words.
The magic dart hits you. You block the jackal's attack.
The orc priest invokes the aid of Beogh against you.
Beogh smites you!
* * * LOW HITPOINT WARNING * * *
The orc wizard hits you but does no damage.
You slash the orc wizard!
You kill the orc wizard!
You barely miss the jackal. The jackal bites you.
You die...

#.................#
#.#.##........#####
#.)...............#
#.#.#####.........#
#.#.# ##........#
#.#.# #.......<#
#!#.## #.###.##.#
#.)..# #.# #.####
#.#@## #. #.# #.#h#
#.. #.#ho #..
#.##o# #..# #.. o.
#..# #.. .## #. .#
..


You could see an orc priest, 2 orcs and 2 jackals.

Vanquished Creatures
  An orc wizard (D:3)
  2 adders (D:2)
  A worm (D:2)
  2 dart slugs (D:2)
  A leopard gecko (D:2)
  2 orcs (D:3)
  5 bats
  A giant cockroach (D:1)
  3 hobgoblins
  3 jackals (D:1)
  4 frilled lizards
  4 goblins
  5 kobolds
  6 rats
40 creatures vanquished.

Notes
Turn   | Place    | Note
-------+----------+-------------------------------------------
     0 | D:1      | Anon1729 the Naga Fighter began the quest for the Orb.
     0 | D:1      | Reached XP level 1. HP: 21/21 MP: 1/1
   429 | D:1      | Reached XP level 2. HP: 23/28 MP: 2/2
   974 | D:2      | Reached XP level 3. HP: 12/34 MP: 3/3
  1347 | D:2      | Reached skill level 1 in Dodging
  1441 | D:2      | Reached XP level 4. HP: 38/42 MP: 4/4
  1732 | D:3      | HP: 1/42 [orc priest/divine providence (14)]
  1733 | D:3      | Slain by a jackal

Levels and vault maps discovered:
D:1:      elethiomel_arrival_fortress_basement, layout_basic,
          chequers_serial_rivers_marsh
D:2:      layout_rooms, minivault_5
D:3:      layout_loops_ring, nicolae_gozag_zags_fifth_avenue,
          uniq_crazy_yiuf_cottage

Skill      XL: |  1  2  3 |
---------------+----------+-----
Dodging        | 1 |  1.2
Axes           | 3 |  3.3
Fighting       | |  3.5
Armour         | |  2.4
Shields        | |  2.9

Action                   |  1- 3 |  4- 6 || total
-------------------------+-------+-------++-------
Melee: War axe           |   141 |    23 ||   164
  Eat: Chunk             |     1 |     1 ||     2
Armor: Scale mail        |    97 |     9 ||   106
Dodge: Dodged            |    55 |     6 ||    61
Block: Shield            |    81 |    12 ||    93

Table legend:
 A = Non-vault XP
 B = Vault XP
 C = Vault XP percentage of total XP
 D = Non-vault monster count
 E = Vault monster count
 F = Vault count percentage of total count
                 A         B        C        D         E       F
            +---------+---------+-------+---------+---------+-------
      Total |     134 |       1 |   0.7 |      39 |       1 |   2.5
            +---------+---------+-------+---------+---------+-------
        D:1 |      24 |       1 |   4.0 |      17 |       1 |   5.6
        D:2 |      58 |       0 |   0.0 |      17 |       0 |   0.0
        D:3 |      52 |       0 |   0.0 |       5 |       0 |   0.0
            +---------+---------+-------+---------+---------+-------
